 Dungeon Crawl Stone Soup version 0.20-a0-270-g8e735b6 (webtiles) character file.

80 Lochraine the Skirmisher (level 4, 0/37 HPs)
             Began as a Formicid Abyssal Knight on Dec 10, 2016.
             Was a Believer of Lugonu.
             Succumbed to a worker ant's poison
             ... on level 3 of the Dungeon.
             The game lasted 00:05:11 (1866 turns).

Lochraine the Skirmisher (Formicid Abyssal Knight)  Turns: 1866, Time: 00:05:12

Health: 0/37       AC:  3    Str: 15 (17) XL:     4   Next: 65%
Magic:  3/6        EV: 11    Int: 11 (12) God:    Lugonu [**....]
Gold:   137        SH:  0    Dex:  8 (10) Spells: 3/3 levels left

rFire  . . .     SeeInvis +     a - +1 hand axe
rCold  . . .     Gourm    .     b - +0 leather armour
rNeg   . . .     Faith    .     (no shield)
rPois  .         Spirit   .     (helmet unavailable)
rElec  .         Reflect  .     (no cloak)
rCorr  .         Harm     .     (no gloves)
MR     .....                    (no boots)
Stlth  +.........               (no amulet)
                                (no ring)
                                (no ring)

@: lethally poisoned (0 -> -12)
A: permanent stasis, dig shafts and tunnels, four strong arms, antennae 3
a: Dig, Shaft Self, Depart the Abyss, Bend Space, Renounce Religion


You were on level 3 of the Dungeon.
You worshipped Lugonu.
Lugonu was pleased with you.
You were not hungry.

You visited 1 branch of the dungeon, and saw 3 of its levels.
You visited the Abyss 1 time.

You collected 137 gold pieces.

Inventory:

Hand Weapons
 a - a +1 hand axe (weapon)
Armour
 b - a +0 leather armour (worn)
Jewellery
 l - an uncursed amulet of rage
Scrolls
 d - a scroll of identify
 g - 2 scrolls of remove curse {unknown}
 h - a scroll of enchant weapon {unknown}
 j - 2 scrolls of fear {unknown}
 k - a scroll of enchant armour {unknown}
Comestibles
 c - 3 bread rations
 f - 5 chunks of flesh


   Skills:
 + Level 3.9 Fighting
 + Level 2.8 Axes
 + Level 3.1 Armour
 - Level 0.8 Dodging
 + Level 3.3 Invocations


You had 3 spell levels left.
You didn't know any spells.

Dungeon Overview and Level Annotations

Branches:
Dungeon (3/15)

Altars:
Hepliaklqana

Annotations:
D:2 Sigmund


Innate Abilities, Weirdness & Mutations

You cannot be hasted, slowed, berserked, paralysed or teleported.
You can dig through walls and to a lower floor.
Your four strong arms can wield two-handed weapons with a shield.
You have a pair of large antennae on your head. (SInv)


Message History

You feel sick.
The worker ant bites you but does no damage.
Space bends around you!
You blink.
You feel sick.
You feel sick.
You fail to use your ability.
You feel sick. The worker ant bites you.
* * * LOW HITPOINT WARNING * * *
You are more poisoned.
The worker ant poisons you! Space bends around you!
You blink.
* * * LOW HITPOINT WARNING * * *
x2 You feel sick.
Space bends around you!
You blink.
* * * LOW HITPOINT WARNING * * *
x2 You feel sick.
As you read the scroll labeled PAUSMO TOPN, it crumbles to dust.
It is a scroll of identify.
l - an uncursed amulet of rage
* * * LOW HITPOINT WARNING * * *
You feel sick.
You die...

...###########
...........a.#
...##########.#
... ........#@# ..
..(.....#.# #..
........#.#
#.############.#.#
..#............#.#
#.#.#..........#.#
#.......######<#>#
###.#.#.# #.#.#
......#># #.#.#


You could see a worker ant.

Vanquished Creatures
  Jessica (D:2)
  5 dart slugs
  2 bats
  3 giant cockroaches (D:1)
  11 goblins
  4 hobgoblins
  3 jackals (D:3)
  5 kobolds
  A quokka (D:3)
  2 frilled lizards (D:2)
  2 rats
39 creatures vanquished.

Notes
Turn   | Place    | Note
-------+----------+-------------------------------------------
     0 | Abyss:1  | Lochraine the Formicid Abyssal Knight began the quest for the Orb.
     0 | Abyss:1  | Reached XP level 1. HP: 18/18 MP: 2/2
   111 | Abyss:1  | Noticed a golden eye
   133 | D:1      | Escaped the Abyss
   335 | D:1      | Reached XP level 2. HP: 23/24 MP: 3/3
   735 | D:1      | Reached XP level 3. HP: 28/29 MP: 5/5
  1036 | D:2      | Noticed Sigmund
  1104 | D:2      | Noticed Jessica
  1115 | D:2      | Killed Jessica
  1115 | D:2      | Reached XP level 4. HP: 29/37 MP: 6/6
  1187 | D:2      | Reached ** piety under Lugonu
  1313 | D:2      | Found a hazy altar of Hepliaklqana.
  1864 | D:3      | HP: 1/37 [poisoned by a worker ant]
  1866 | D:3      | Succumbed to a worker ant's poison

Vault maps used:
D:1:      denvon_arrival_waterhouse
D:2:      lemuel_doored_altar, first_bread, minmay_misc_feat_square,
          uniq_sigmund, uniq_jessica
D:3:      kennysheep_goblin_castle, grunt_qazlal_clouds

Skill      XL: |  1  2  3  4 |
---------------+-------------+-----
Invocations    | 3 |  3.3
Armour         | 3 |  3.1
Fighting       | |  3.9
Axes           | |  2.8
Dodging        | |  0.8

Action                   |  1- 3 |  4- 6 || total
-------------------------+-------+-------++-------
Melee: Hand axe          |    60 |    69 ||   129
Invok: Bend Space        |       |     4 ||     4
  Use: Potion            |       |     4 ||     4
       Scroll            |       |     1 ||     1
  Eat: Chunk             |     1 |     2 ||     3
Armor: Leather armour    |    18 |    21 ||    39
Dodge: Dodged            |    25 |    41 ||    66
